 Dungeon Crawl Stone Soup version 0.21.1-1-g345015f (webtiles) character file.

59859 spiff the Thaumaturge (level 14, -5/114 HPs)
             Began as a Mummy Venom Mage on July 5, 2018.
             Was a High Priest of Ashenzari.
             Killed by divine providence
             ... invoked by Saint Roka
              (12 damage)
             ... on level 1 of the Orcish Mines on July 6, 2018.
             The game lasted 01:51:39 (33234 turns).

spiff the Thaumaturge (Mummy Venom Mage)           Turns: 33234, Time: 01:51:40

Health: -5/114     AC: 18    Str: 23    XL:     14   Next: 54%
Magic:  12/30      EV: 12    Int: 24    God:    Ashenzari [*****.]
Gold:   1566       SH:  0    Dex: 15    Spells: 16/38 levels left

rFire    x . .     SeeInvis +   O - +3 lajatang of Purpose {freeze, rN+ Str+3 Int+2 Dex+2} (curse)
rCold    + + .     Gourm    .   (shield currently unavailable)
rNeg     + + +     Faith    .   y - +7 chain mail "Neobbyng" {rC+ rN+ Str+6} (curse)
rPois    ∞         Spirit   .   n - +0 hat (curse)
rElec    .         Reflect  .   S - scarf {repulsion}
rCorr    .         Harm     .   z - +2 pair of gloves {Str+3} (curse)
MR       +....     Clarity  +   (no boots)
Stlth    ..........             l - amulet of magic regeneration (curse)
HPRegen  0.29/turn              o - +3 ring of intelligence (curse)
MPRegen  0.47/turn              F - ring of stealth

@: about to teleport, very slightly contaminated, repel missiles
A: no food or potions, fire vulnerability, cold resistance 1, negative energy
resistance 3, torment resistance, unbreathing, in touch with death 1
a: Curse Item, Scrying, Transfer Knowledge, Renounce Religion


You were on level 1 of the Orcish Mines.
You worshipped Ashenzari.
Ashenzari was extremely pleased with you.
You were not hungry.

You visited 4 branches of the dungeon, and saw 20 of its levels.
You also visited: Volcano.

You collected 1566 gold pieces.

Inventory:

Hand Weapons
 O - the cursed +3 lajatang of Purpose (weapon) {freeze, rN+ Str+3 Int+2 Dex+2}
   (You acquired it on level 3 of the Lair of Beasts)

   It has been specially enchanted to freeze those struck by it, causing extra
   injury to most foes and up to half again as much damage against particularly
   susceptible opponents.
   It can also slow down cold-blooded creatures.
   It affects your strength (+3).
   It affects your intelligence (+2).
   It affects your dexterity (+2).
   It protects you from negative energy.
   It has a curse placed upon it.
Armour
 n - a cursed +0 hat (worn)
 y - the cursed +7 chain mail "Neobbyng" (worn) {rC+ rN+ Str+6}
   (You took it off an orc on level 8 of the Dungeon)

   It affects your strength (+6).
   It protects you from cold.
   It protects you from negative energy.
   It has a curse placed upon it.
 z - a cursed +2 pair of gloves of strength (worn)
 S - a scarf of repulsion (worn)
Jewellery
 l - a cursed amulet of magic regeneration (around neck)
 o - a cursed +3 ring of intelligence (left hand)
 F - a ring of stealth (right hand)
Wands
 t - a wand of paralysis (23)
 w - a wand of iceblast (6)
 H - a wand of clouds (4)
 L - a wand of random effects (28)
 P - a wand of digging (20)
 Q - a wand of polymorph (13)
 R - a wand of flame (21)
 U - a wand of acid (6)
Scrolls
 a - a scroll of holy word {unknown}
 e - 5 scrolls of immolation
 h - 5 scrolls of noise
 i - 2 scrolls of magic mapping
 q - 4 scrolls of remove curse
 r - 2 scrolls of silence
 u - 3 scrolls of identify
 B - 12 scrolls of teleportation
 C - a scroll of torment
 D - 3 scrolls of amnesia
 J - a scroll of vulnerability
 K - 3 scrolls of fog
 M - a scroll of summoning


   Skills:
 + Level 11.8 Fighting
 - Level 6.4(11.5) Staves
 + Level 7.9 Dodging
 - Level 1.5 Stealth
   Level 2.8 Shields
 + Level 12.5 Spellcasting
 - Level 9.9(12.3) Conjurations
 - Level 5.1(7.7) Fire Magic
 - Level 3.1(5.4) Air Magic
 - Level 8.5(11.1) Poison Magic


You had 16 spell levels left.
You knew the following spells:

 Your Spells              Type           Power        Failure   Level  Hunger
a - Sting                 Conj/Pois      ####         1%          1    N/A
b - Poisonous Vapours     Pois/Air       ######       1%          2    N/A
c - Mephitic Cloud        Conj/Pois/Air  ######..     1%          3    N/A
d - Flame Tongue          Conj/Fire      #####        1%          1    N/A
e - Sticky Flame          Conj/Fire      ######..     5%          4    N/A
f - Olgreb's Toxic Radia  Pois           ######..     3%          4    N/A
g - Searing Ray           Conj           ######       1%          2    N/A
h - Venom Bolt            Conj/Pois      ######....   8%          5    N/A

Dungeon Overview and Level Annotations

Branches:
Dungeon (11/15)            Temple (1/1) D:5            Lair (6/6) D:11
  Swamp (0/4) Lair:4       Spider (0/4) Lair:3        Slime (0/5) Lair:5
    Orc (2/2) D:9
    Elf: Orc:2

Altars:
Ashenzari
Cheibriados
Dithmenos
Elyvilon
Fedhas
Gozag
Hepliaklqana
Kikubaaqudgha
Makhleb
Nemelex Xobeh
Okawaru
Qazlal
Ru
Sif Muna
Trog
Uskayaw
Vehumet
Wu Jian
Xom
Yredelemnul
Zin
The Shining One
Beogh
Jiyva

Shops:
D:11 =   Orc:2 [=

Annotations:
D:6 tkdonut's ghost, novice HOBe
Lair:4 1 runed door, exclusion: oklob plant
Lair:6 1 runed door
Orc:1 Saint Roka
Orc:2 eyesofgods1's ghost, adept FoFi


Innate Abilities, Weirdness & Mutations

You do not eat or drink.
Your flesh is vulnerable to fire.
You are immune to poison.
Your flesh is cold resistant. (rC+)
You are immune to negative energy. (rN+++)
You are immune to unholy pain and torment.
You can survive without breathing.
You are in touch with the powers of death.


Message History

Confirm with . or Enter, or press ? or * to list all spells.
Aiming: Venom Bolt
Press: ? - help, Shift-Dir - straight line, f/p - Saint Roka
Aim: Saint Roka, wielding a great mace of crushing and wearing a chain mail (flame, heavily wounded, poisoned)
You miscast Venom Bolt.
You are very lightly contaminated with residual magic.
Wisps of smoke drift from your hands.
Eyesofgods1's ghost turns its malevolent gaze towards you.
You hear a shout!
Saint Roka is engulfed in blazing flames.
Saint Roka is engulfed in blazing flames.
Saint Roka hits you with a great mace of crushing!!
* * * LOW HITPOINT WARNING * * *
x2 You climb upwards.
There is a stone staircase leading down here.
As you read the scroll of teleportation, it crumbles to dust.
You feel strangely unstable.
Saint Roka invokes the aid of Beogh against you.
Beogh smites you!
You die...

.......[#[[.## #####.###
........#..#.## ####.##....##
...^...[......###.#...##....####
.............###...#.......##..##
............^#.#................#
.......[........#......)....#...#
..........##.#.......).......#...
..........#.#.#.......).....##...
.....#..........@....#.#.........
#...###...#......................
.....#............o..............
......#..........................
..##.............................
...#........................)....
#.###..#...................[.....
### ###.....#...........#.†..)...
##.............#...........#


You could see Saint Roka.

Vanquished Creatures
  Kirke (Lair:5)
  Snorg (Lair:5)
  Harold (Lair:4)
  6 hydras
  A centaur warrior (D:8)
  5 two-headed ogres
  4 death yaks
  Urug (Lair:5)
  An unseen horror (D:11)
  A lindwurm (Lair:6)
  3 orc knights (Orc:2)
  An orb spider (Lair:3)
  An ugly thing (D:11)
  A deep elf mage (D:6)
  A cyclops (D:11)
  An orc sorcerer (Orc:2)
  3 elephants (Lair:5)
  3 black mambas
  4 torpor snails (Lair:6)
  Psyche (D:8)
  A gargoyle (D:11)
  11 spiny frogs
  Joseph (D:8)
  9 komodo dragons
  6 rime drakes
  A queen bee (D:9)
  9 polar bears (Lair:6)
  8 hornets (Lair:6)
  7 trolls
  2 tyrant leeches (Lair:6)
  4 raiju (Lair:6)
  3 blink frogs (Lair:4)
  6 hippogriffs
  6 dream sheep
  A wyvern (D:7)
  22 yaks
  9 hogs
  3 basilisks
  A human (D:9)
  4 wargs (Lair:6)
  A soldier ant (D:10)
  8 water moccasins
  12 hell hounds (Lair:6)
  25 orc warriors
  10 porcupines
  4 ice beasts
  2 sky beasts
  2 phantoms
  13 black bears
  10 ogres
  A necrophage (D:9)
  22 wolves
  4 centaurs
  A big kobold (D:11)
  13 crocodiles
  8 bullfrogs
  Blork the orc (D:4)
  4 scorpions
  19 killer bees (D:9)
  8 wights
  2 electric eels (Lair:3)
  7 howler monkeys
  6 crimson imps
  A bullfrog zombie (D:8)
  A centaur zombie (D:4)
  A centaur skeleton (D:9)
  16 orc priests
  A gnoll shaman (D:7)
  10 hounds
  4 jellies
  12 orc wizards
  A bullfrog skeleton (D:4)
  Jessica (D:2)
  10 iguanas
  8 worker ants
  A killer bee zombie (D:9)
  A hound skeleton (D:8)
  2 worker ant zombies
  14 gnolls
  9 adders
  A howler monkey skeleton (D:7)
  3 shadow imps
  13 oozes
  An adder skeleton (D:9)
  2 worms
  2 dart slugs
  3 leopard geckos
  79 orcs
  3 giant cockroaches
  9 goblins
  10 hobgoblins
  8 jackals
  21 kobolds
  5 quokkas
  A ball python (D:3)
  14 bats
  7 frilled lizards
  A jackal zombie (D:3)
  A leopard gecko skeleton (D:4)
  A quokka skeleton (D:6)
  A quokka zombie (D:7)
  12 rats
629 creatures vanquished.

Vanquished Creatures (others)
  8 fungi
  35 plants
  8 toadstools (D:4)
51 creatures vanquished.

Grand Total: 680 creatures vanquished

Notes
Turn   | Place    | Note
-------+----------+-------------------------------------------
     0 | D:1      | spiff the Mummy Venom Mage began the quest for the Orb.
     0 | D:1      | Reached XP level 1. HP: 13/13 MP: 4/4
   105 | D:1      | Reached skill level 1 in Conjurations
   108 | D:1      | Reached skill level 3 in Spellcasting
   117 | D:1      | Reached XP level 2. HP: 12/19 MP: 0/6
   226 | D:1      | Learned a level 2 spell: Poisonous Vapours
   918 | D:1      | Reached XP level 3. HP: 24/24 MP: 4/7
  1308 | D:1      | Learned a level 3 spell: Mephitic Cloud
  2219 | D:2      | Reached XP level 4. HP: 22/30 MP: 3/9
  2576 | D:2      | Found a burning altar of Makhleb.
  3408 | D:3      | Reached skill level 4 in Spellcasting
  3408 | D:3      | Reached skill level 1 in Air Magic
  3739 | D:3      | Noticed an orc warrior
  3744 | D:3      | Reached XP level 5. HP: 35/35 MP: 8/11
  3809 | D:3      | Noticed Jessica
  3821 | D:2      | Killed Jessica
  3965 | D:3      | Found an ornate altar of the Wu Jian Council.
  4249 | D:3      | Killed an orc warrior
  4249 | D:3      | Reached XP level 6. HP: 41/41 MP: 5/13
  4362 | D:4      | Found a deep blue altar of Sif Muna.
  4733 | D:4      | Reached skill level 5 in Spellcasting
  4845 | D:5      | Entered Level 5 of the Dungeon
  5463 | D:5      | Reached XP level 7. HP: 47/47 MP: 9/14
  5581 | D:5      | Found a staircase to the Ecumenical Temple.
  5590 | Temple   | Entered the Ecumenical Temple
  5687 | Temple   | Became a worshipper of Ashenzari the Shackled
  5884 | D:5      | Got the uncursed chain mail of Pragmatism {MR+ Dex+2}
  6246 | D:5      | Identified the +3 chain mail of Pragmatism {MR+ Dex+2} (You found it on level 5 of the Dungeon)
  6466 | D:6      | Noticed tkdonut's ghost (novice HOBe)
  6541 | D:6      | Reached skill level 1 in Fighting
  6871 | D:6      | Found a hide-covered altar of Uskayaw.
  7156 | D:6      | Reached skill level 1 in Staves
  8576 | D:7      | Reached XP level 8. HP: 49/57 MP: 7/15
  9180 | D:7      | Learned a level 1 spell: Flame Tongue
  9185 | D:7      | Learned a level 4 spell: Sticky Flame
 10201 | D:7      | Reached skill level 5 in Fighting
 10358 | D:8      | Reached * piety under Ashenzari
 10538 | D:8      | Reached skill level 5 in Staves
 10542 | D:8      | Reached XP level 9. HP: 68/68 MP: 9/16
 10581 | D:8      | Noticed a centaur warrior
 10594 | D:8      | Noticed Joseph
 10594 | D:8      | Reached skill level 1 in Fire Magic
 10600 | D:8      | Killed a centaur warrior
 11121 | D:8      | Noticed a two-headed ogre
 11282 | D:8      | Reached skill level 5 in Fire Magic
 11592 | D:8      | Found a shadowy altar of Dithmenos.
 11619 | D:8      | Noticed Psyche
 11630 | D:8      | Killed Psyche
 11675 | D:8      | Reached skill level 5 in Conjurations
 11675 | D:8      | Reached skill level 5 in Poison Magic
 11705 | D:8      | Identified the +7 chain mail "Neobbyng" {rC+ rN+ Str+6} (You took it off an orc on level 8 of the Dungeon)
 11864 | D:8      | Killed Joseph
 11864 | D:8      | Reached XP level 10. HP: 58/74 MP: 4/17
 12771 | D:8      | Found an iron altar of Okawaru.
 12835 | D:8      | Killed a two-headed ogre
 12937 | D:9      | Found a staircase to the Orcish Mines.
 13364 | D:9      | Found a bloodstained altar of Trog.
 13789 | D:9      | Learned a level 4 spell: Olgreb's Toxic Radiance
 13979 | D:9      | Reached XP level 11. HP: 54/80 MP: 7/18
 14289 | D:10     | Entered Level 10 of the Dungeon
 15098 | D:10     | Noticed a two-headed ogre
 15111 | D:10     | Killed a two-headed ogre
 15111 | D:10     | Reached skill level 5 in Dodging
 15209 | D:10     | Learned a level 2 spell: Searing Ray
 15658 | D:11     | Found a staircase to the Lair.
 15796 | D:11     | Noticed an unseen horror
 15801 | D:11     | Killed an unseen horror
 16166 | D:11     | Found Ufootaov's Jewellery Boutique.
 16328 | D:11     | Noticed a white ugly thing
 16342 | D:11     | Killed a brown ugly thing
 17770 | D:4      | Reached ** piety under Ashenzari
 18009 | D:4      | Noticed Blork the orc
 18017 | D:4      | Killed Blork the orc
 18781 | D:6      | Reached skill level 1 in Shields
 18822 | D:6      | Noticed a deep elf mage
 18842 | D:6      | Killed a deep elf mage
 19066 | Lair:1   | Entered Level 1 of the Lair of Beasts
 20056 | Lair:2   | Found a dark tunnel.
 20070 | Volcano  | Entered a volcano
 20352 | Lair:2   | Reached XP level 12. HP: 58/91 MP: 11/19
 21164 | Lair:3   | Noticed an eight-headed hydra
 21250 | Lair:3   | Noticed a five-headed hydra
 21757 | Lair:3   | Reached *** piety under Ashenzari
 21934 | Lair:3   | Identified 2 scrolls of acquirement
 21951 | Lair:3   | Found a hole to the Spider Nest.
 22163 | Lair:3   | Got the cursed lajatang of Purpose {freeze, rN+ Str+3 Int+2 Dex+2}
 22180 | Lair:3   | Identified the cursed +3 lajatang of Purpose {freeze, rN+ Str+3 Int+2 Dex+2} (You acquired it on level 3 of the Lair of Beasts)
 22248 | Lair:3   | Killed a five-headed hydra
 22517 | Lair:3   | Killed an eight-headed hydra
 22517 | Lair:3   | Reached skill level 6 in Spellcasting
 22919 | Lair:4   | Noticed a six-headed hydra
 22944 | Lair:4   | Reached skill level 7 in Spellcasting
 23246 | Lair:4   | Noticed a six-headed hydra
 23328 | Lair:4   | Noticed a five-headed hydra
 23878 | Lair:3   | Killed a six-headed hydra
 23878 | Lair:3   | Reached skill level 8 in Spellcasting
 24120 | Lair:3   | Reached skill level 10 in Fighting
 24350 | Lair:4   | Found a runed door.
 24470 | Lair:4   | Found a staircase to the Swamp.
 24487 | Lair:4   | Killed a five-headed hydra
 24487 | Lair:4   | Reached skill level 9 in Spellcasting
 24620 | Lair:4   | Killed a six-headed hydra
 24630 | Lair:4   | Noticed Harold
 24898 | Lair:4   | Killed Harold
 24898 | Lair:4   | Reached skill level 10 in Spellcasting
 24898 | Lair:4   | Gained mutation: You are in touch with the powers of death. [Mummy growth]
 24898 | Lair:4   | Reached XP level 13. HP: 103/103 MP: 17/27
 25317 | Lair:5   | Noticed Kirke
 25356 | Lair:5   | Killed Kirke
 25517 | Lair:5   | Reached **** piety under Ashenzari
 25619 | Lair:5   | Found an ancient bone altar of Kikubaaqudgha.
 25790 | Lair:5   | Noticed Urug
 25810 | Lair:5   | Noticed Snorg
 25811 | Lair:5   | Killed Urug
 25852 | Lair:5   | Found a viscous altar of Jiyva.
 25853 | Lair:5   | Found a staircase to the Slime Pits.
 26098 | Lair:6   | Entered Level 6 of the Lair of Beasts
 26513 | Lair:5   | Killed Snorg
 26847 | Lair:6   | Found a runed door.
 26847 | Lair:6   | Noticed a fire dragon
 27856 | Lair:5   | Reached skill level 11 in Spellcasting
 28361 | Lair:6   | Reached XP level 14. HP: 79/111 MP: 19/29
 30628 | Lair:1   | Learned a level 5 spell: Venom Bolt
 30739 | Orc:1    | Entered Level 1 of the Orcish Mines
 30986 | Orc:1    | Found a roughly hewn altar of Beogh.
 31312 | Orc:2    | Entered Level 2 of the Orcish Mines
 31424 | Orc:2    | Reached skill level 12 in Spellcasting
 31601 | Orc:2    | Noticed eyesofgods1's ghost (adept FoFi)
 31833 | Orc:2    | Reached ***** piety under Ashenzari
 32395 | Orc:2    | Found a roughly hewn altar of Beogh.
 32772 | Orc:2    | Found Paniw's Antique Armour Emporium.
 32849 | Orc:2    | Found Ozesm's Jewellery Shoppe.
 32854 | Orc:2    | Identified the +5 dagger of Misery {antimagic, rElec rF+} (You found it on level 9 of the Dungeon)
 33152 | Orc:2    | Noticed Saint Roka
 33234 | Orc:1    | Killed from afar by Saint Roka

Skill      XL: |  1  2  3  4  5  6  7  8  9 10 11 12 13 14 |
---------------+-------------------------------------------+-----
Conjurations   | 1 2 3 4 5 7 8 9 |  9.9
Spellcasting   | 3 4 5 10 11 12 | 12.5
Poison Magic   | 3 4 5 7 8 |  8.5
Air Magic      | 1 2 3 |  3.1
Fighting       | 2 5 7 10 11 | 11.8
Staves         | 2 5 6 |  6.4
Fire Magic     | 5 |  5.1
Dodging        | 4 5 6 7 |  7.9
Shields        | 2 |  2.8
Stealth        | |  1.5

Action                   |  1- 3 |  4- 6 |  7- 9 | 10-12 | 13-15 || total
-------------------------+-------+-------+-------+-------+-------++-------
Melee: Dagger            |    40 |    79 |   228 |   369 |       ||   716
       Unarmed           |     1 |       |       |       |       ||     1
       Quarterstaff      |       |    16 |     2 |       |       ||    18
       Lajatang          |       |       |       |    85 |   392 ||   477
 Cast: Sting             |    50 |    26 |    64 |    88 |     6 ||   234
       Poisonous Vapours |    26 |    67 |   114 |   220 |   147 ||   574
       Mephitic Cloud    |       |       |    16 |    35 |    30 ||    81
       Flame Tongue      |       |       |    30 |     7 |    17 ||    54
       Sticky Flame      |       |       |     6 |    35 |    48 ||    89
       Olgreb's Toxic Ra |       |       |       |    22 |    40 ||    62
       Searing Ray       |       |       |       |    51 |    13 ||    64
       Venom Bolt        |       |       |       |       |     2 ||     2
Invok: Curse Item        |       |       |     4 |     2 |       ||     6
       Scrying           |       |       |       |       |     2 ||     2
Evoke: Wand              |       |       |       |    20 |    11 ||    31
  Use: Scroll            |       |     7 |       |    15 |     9 ||    31
 Stab: Sleeping          |       |       |     1 |       |       ||     1
       Confused          |       |       |       |     5 |     3 ||     8
Armor: Robe              |     8 |    22 |    77 |   117 |       ||   224
       Chain mail        |       |       |       |    71 |   243 ||   314
Dodge: Dodged            |    40 |    85 |   179 |   421 |   228 ||   953
       Deflected         |       |       |       |       |     5 ||     5
Block: Buckler           |       |       |       |    52 |       ||    52
